← All builds
Geo sea / Cortex / Economy first / OBSERVED BUILD

Standard geo sea

The role's default economy-first play: bot lab then shipyard in the cove, quick frigate/submarine/destroyer navy to contest sea and hold the coast, transitioning into whatever the sea fight needs.

Usually shipyard in the cove (98%)

#naval #eco · 941 distinct matches · 99 players · 83% of Cortex Geo sea games · team won 52% of 1055 · Recently observed

HOW TO PLAY IT

Key timing: Shipyard by 3:18

  1. Open 3 mex, wind and solar, then Bot Lab.
  2. Get a BP and costal torpedo launcher up before the Shipyard.
  3. Put up Shipyard once you can defend it.
  4. Push out "submarine" and "frigate" to contest the sea.
  5. Add geothermal to fund the fleet transition into "destroyer", "missile corvette".

Phase by phase

TYPICAL OF ITS 941 GAMES
  1. 1
  2. 2
  3. 3
  4. 4
PLAY THE OPENING

Follow the example game's first 6:00 step by step: what to build now, what comes next, and where it goes. At 1× it keeps pace with your own game.

  1. 1

    Up to the Bot Lab

    Economy
    • Metal Extractor3Mex
    • Wind Turbine3Wind
    Order
    1. Bot LabBot Lab after 3 mex, 3 winddone ~1:12, middle half 1:06–1:25

    Some games also: wind for allies (50%)

    By 0:55 in all: 3 mex · 3 wind

    The example game in this phase · 4 steps
    1. Mex ×2
    2. Solar
    3. Wind
    4. Bot LabBot Labdone 0:51 · typical 1:12
  2. 2

    Bot Lab to Shipyard

    Economy
    • Metal Extractor1Mex
    • Wind Turbine2Wind
    Order
    1. ShipyardShipyard after 4 mex, 5 wind, 1 energy storagedone ~3:17, middle half 3:03–3:33
    Builders
    • Construction Bot3 Con bot
    • Graverobber2 Graverobber
    Army
    • Grunt1 Grunt

    Some games also: con turret (47%) · trasher (39%) · energy storage (34%) · wind for allies (33%)

    By 2:51 in all: 4 mex · 5 wind · 1 energy storage

    The example game in this phase · 40 steps
    1. Construction BotCon bot
    2. Mex
    3. GraverobberGraverobber
    4. Wind ×2for Air
    5. Wind
    6. Mex
    7. Construction BotCon bot
    8. Wind ×3
    9. GraverobberGraverobber
    10. Wind ×2
    11. Construction BotCon bot ×2
    12. Mex
    13. TrasherTrasher ×2
    14. Construction BotCon bot
    15. Mex
    16. GuardGuard
    17. Construction BotCon bot ×2
    18. GuardGuard
    19. Construction BotCon bot
    20. Mex
    21. GruntGrunt ×5
    22. Mex
    23. GuardGuard
    24. Construction BotCon bot ×2
    25. Mex
    26. Construction BotCon bot
    27. Geothermal PowerplantGeodone 5:43 · typical 7:58
    28. Construction BotCon bot
    29. Wind ×2
    30. GuardGuard
    31. Wind
    32. Construction BotCon bot
    33. Mex
    34. Wind ×4
    35. GruntGrunt
    36. Wind ×2
    37. Converter
    38. GruntGrunt
    39. Wind ×2
    40. ShipyardShipyarddone 5:37 · typical 3:17
  3. 3

    Shipyard to 5:00

    Economy
    • Metal Extractor4Mex
    Builders
    • Construction Ship1 Con ship
    Army
    • Riptide2 Frigate
    • Orca1 Submarine
    Other
    • Radar Tower1 Radar Tower

    Some games also: Guard (49%) · wind (48%) · missile corvette (47%) · destroyer (46%) · gunboat (41%)

    By 5:00 in all: 8 mex · 6 wind · 1 energy storage · 1 con turret

  4. 4

    5:00 to 10:00

    Economy
    • Metal Extractor2Mex
    • Wind Turbine8Wind
    • Energy Converter2Converter
    Builders
    • Construction Turret1 Con turret
    • Death Cavalry2 Death Cavalry
    • Construction Ship1 Con ship
    Army
    • Guard2 Guard
    • Riptide5 Frigate
    • Herring2 Missile corvette
    Other
    • Naval Radar / Sonar Tower2 Naval Radar / Sonar Tower

    Some games also: geo (48%) · Thistle (41%) · submarine (34%)

    By 10:00 in all: 10 mex · 15 wind · 1 geo · 4 converter · 1 energy storage · 2 con turret

    The example game in this phase · 235 steps
    1. Wind ×2
    2. Converter
    3. Wind ×3
    4. GruntGrunt
    5. Wind
    6. Construction ShipCon ship
    7. Wind
    8. GruntGrunt
    9. Wind
    10. Converter
    11. RiptideFrigatedone 6:01 · typical 4:36
    12. Wind ×2
    13. GruntGrunt
    14. Wind
    15. Twin GuardTwin Guard
    16. Wind
    17. RiptideFrigate
    18. Converter
    19. Construction BotCon bot
    20. Naval Construction Turret
    21. Wind ×2
    22. OppressorDestroyerdone 7:25 · typical 5:51
    23. Wind ×2
    24. Converter
    25. Wind ×2
    26. Converter
    27. Con turret
    28. Wind ×2
    29. Converter
    30. Wind ×2
    31. Twin GuardTwin Guard
    32. Converter
    33. Wind ×2
    34. Converter
    35. Wind ×2
    36. HerringMissile corvette
    37. Converter
    38. Construction BotCon bot
    39. Wind ×2
    40. Converter
    41. Con turret
    42. Wind
    43. Construction ShipCon ship
    44. Construction BotCon bot
    45. Advanced Metal ExtractorT2 mexdone 8:33 · typical 9:21
    46. Wind
    47. Converter
    48. Wind
    49. Mex
    50. Converter
    51. RiptideFrigate
    52. Construction BotCon bot
    53. Wind ×2
    54. Converter
    55. Wind ×2
    56. Converter
    57. Wind
    58. UrchinUrchin
    59. Construction BotCon bot
    60. Wind ×2
    61. Converter
    62. Wind
    63. Converter
    64. Naval Energy Storage
    65. Wind
    66. RiptideFrigate
    67. Wind
    68. Converter
    69. Wind
    70. Advanced Metal ExtractorT2 mex
    71. Wind
    72. Construction BotCon bot
    73. Converter
    74. Wind ×3
    75. Converter
    76. Wind ×3
    77. OppressorDestroyer
    78. Construction BotCon bot
    79. Wind
    80. Advanced Metal ExtractorT2 mex
    81. Wind
    82. Converter
    83. Construction BotCon bot
    84. Wind ×3
    85. Converter
    86. Wind ×2
    87. Construction BotCon bot
    88. Wind ×3
    89. Converter
    90. HerringMissile corvette
    91. Wind ×2
    92. Naval Radar / Sonar TowerNaval Radar / Sonar Tower
    93. Advanced Metal ExtractorT2 mex
    94. Wind ×4
    95. Construction ShipCon ship
    96. Wind ×4
    97. Naval Construction Turret
    98. Converter
    99. Wind ×3
    100. RiptideFrigate
    101. Wind
    102. Naval Construction Turret
    103. Wind ×4
    104. Converter
    105. UrchinUrchin
    106. Wind ×6
    107. OppressorDestroyer
    108. Wind
    109. HerringMissile corvette
    110. Wind ×2
    111. Converter
    112. Wind ×3
    113. Converter
    114. Wind ×4
    115. Converter
    116. Con turret
    117. Naval Construction Turret
    118. Wind ×2
    119. Advanced Metal ExtractorT2 mex
    120. Converter
    121. Naval Construction Turret
    122. Wind ×4
    123. Naval Construction Turret
    124. Wind
    125. Converter
    126. Wind ×2
    127. Converter
    128. Wind ×4
    129. UrchinUrchin
    130. Wind ×2
    131. Advanced ShipyardAdvanced Shipyarddone 11:53
    132. Converter
    133. Wind ×2
    134. Converter
    135. Wind ×4
    136. UrchinUrchin
    137. Wind ×2
    138. Advanced Metal ExtractorT2 mex
    139. Wind ×2
    140. Converter
    141. Wind ×4
    142. Converter
    143. UrchinUrchin
    144. Wind ×4
    145. Con turret
    146. Advanced Construction SubAdvanced Construction Sub
    147. Wind ×3
    148. Converter ×2
    149. Wind
    150. UrchinUrchin
    151. Wind ×2
    152. Advanced Metal ExtractorT2 mex
    153. Wind ×2
    154. Converter ×2
    155. Wind ×3
    156. Con turret
    157. Wind
    158. Advanced Construction SubAdvanced Construction Sub
    159. Wind ×3
    160. Naval Advanced Metal ExtractorNaval Advanced Metal Extractordone 12:53
    161. Converter ×2
    162. Wind ×7
    163. Advanced Metal ExtractorT2 mex
    164. Advanced Construction SubAdvanced Construction Sub
    165. Wind
    166. Converter
    167. Wind
    168. Converter
    169. Wind ×3
    170. Seaplane PlatformSeaplane Platformdone 13:26
    171. Naval Advanced Metal ExtractorNaval Advanced Metal Extractor
    172. Con turret
    173. Converter
    174. Wind ×2
    175. Converter
    176. Wind ×3
    177. Twin GuardTwin Guard
    178. Wind
    179. Converter
    180. Wind ×2
    181. Con turret
    182. Twin GuardTwin Guard
    183. Wind
    184. Converter
    185. Naval Construction Turret
    186. Con turret
    187. MonsoonTorpedo gunship
    188. Wind ×2
    189. Advanced Geothermal PowerplantAdvanced Geothermal Powerplantdone 14:28
    190. Converter
    191. Wind
    192. Naval Construction Turret
    193. Wind
    194. Twin GuardTwin Guard
    195. Con turret
    196. Converter
    197. Wind ×2
    198. Naval Construction Turret
    199. MonsoonTorpedo gunship
    200. Naval Advanced Metal ExtractorNaval Advanced Metal Extractor
    201. Converter ×2
    202. Wind
    203. Con turret
    204. Wind
    205. Naval Construction Turret
    206. Wind ×2
    207. Con turret
    208. Wind
    209. MonsoonTorpedo gunship
    210. Naval Construction Turret
    211. Converter ×2
    212. Wind
    213. Con turret
    214. Naval Construction Turret
    215. Wind ×2
    216. MonsoonTorpedo gunship
    217. Con turret
    218. Wind ×2
    219. Converter
    220. MonsoonTorpedo gunship
    221. Converter
    222. Con turret
    223. Wind ×2
    224. MonsoonTorpedo gunship
    225. Advanced Fusion ReactorAdvanced Fusion Reactornot finished by 15:00
    226. MonsoonTorpedo gunship
    227. Wind ×2
    228. Converter
    229. MonsoonTorpedo gunship
    230. Converter
    231. Advanced Sonar StationAdvanced Sonar Station
    232. Wind
    233. MonsoonTorpedo gunship
    234. Wind ×2
    235. MonsoonTorpedo gunship

Counts are medians over the build's games: half of them build more, half fewer. The example game is Cokeado's (37 OS, 27/09/2026); pick another.

Team trades

IN AT LEAST 30% OF ITS GAMES

You hand over

  • Wind Turbine2 Wind to Airfirst at 1:47 · in 73% of games

You get

  • Finch1 Finch from Airfirst at 1:51 · in 82% of games
  • Hercules1 Light transport from Airfirst at 2:00 · in 75% of games
  • Advanced Construction Bot1 T2 con bot from Techfirst at 7:44 · in 89% of games

How it plays out

Typical game of this build, running totals by minute

Metal produced

010k20k30k
0:005:0010:0015:00

metal

Enemy metal destroyed

05k10k
0:005:0010:0015:00

metal

Own metal lost

02.5k5k7.5k
0:005:0010:0015:00

metal

1055 games.

Show as table
ByMetal produced: This buildEnemy metal destroyed: This buildOwn metal lost: This build
1:0039700
2:0092800
3:00157000
4:002904051
5:00410813052
6:005464440241
7:006950931547
8:0086211570892
9:001050224471351
10:001263036252071
11:001525849012945
12:001816664063801
13:002151274084465
14:002512586485401
15:002884498106321
WHAT THE NUMBERS SAY

Standard Cortex geo sea sits at an even 50% win rate, trading a slower start for a big resource lead by 15:00.

  • + Metal produced hits 28451 by 15:00, well above both front roles
  • + Own metal lost stays far below enemy metal destroyed at every checkpoint
  • − Only 50% team win rate, the lowest of these six builds
  • − T2 factory only completes in 40% of games by 12:53
THE EXAMPLE YOU ARE READING

Cokeado

36.8 OS · 27/09/2026

Open source match ↗

3 received units · includes a constructor
409 metal received · 81340 energy received

Allied construction assistance is unknown. Timings are observations, not a promise of solo reproducibility.

Typical milestones

Bot Lab1:12Middle 50%: 1:06–1:25 · n=1047
Shipyard3:17Middle 50%: 3:03–3:33 · n=1049
Orca4:19Middle 50%: 3:53–5:00 · n=727
Riptide4:36Middle 50%: 4:09–5:21 · n=1025
Oppressor5:51Middle 50%: 5:09–6:33 · n=954
Geothermal Powerplant7:58Middle 50%: 7:00–8:59 · n=635
Advanced Metal Extractor9:21Middle 50%: 8:45–10:10 · n=905

Played most by

sirniho119games of this buildOptimusprimenutt84games of this buildSHOGVN81games of this buildPRO_Rerory46games of this buildhihimik41games of this build